 Dungeon Crawl Stone Soup version 0.27-a0-29-g2d0a2396b0 (webtiles) character file.

Game seed: 2831218160470872435

117230 wakim the Tortoise (level 16, -1/150 HPs)
             Began as a Minotaur Berserker on Jan 3, 2021.
             Was the Champion of Trog.
             Slain by a wolf spider (14 damage)
             ... on level 1 of the Spider Nest on Jan 4, 2021.
             The game lasted 02:11:27 (30786 turns).

wakim the Tortoise (Minotaur Berserker)            Turns: 30786, Time: 02:11:27

Health: -1/150     AC: 39    Str: 28    XL:     16   Next: 22%
Magic:  15/15      EV: 12    Int:  8    God:    Trog [******]
Gold:   2343       SH: 16    Dex: 10    Spells: 15/15 levels left

rFire    + . .     SeeInvis +   a - +9 demon whip "Goblinslayer" {flame, Int+4}
rCold    + + .     Faith    +   X - +2 kite shield
rNeg     + . .     Spirit   .   T - +13 plate armour of the Garden {Rampage rCorr Dex+3}
rPois    .         Reflect  .   (helmet restricted)
rElec    .         Harm     .   O - +2 cloak
rCorr    +         Rampage  +   Y - +1 pair of gloves of the Peculiar Xalams {rF+ rC+ Dex-4 SInv}
Will     +....                  f - +0 pair of boots
Stlth    ..........             M - amulet of faith
HPRegen  0.35/turn              k - ring of protection from cold
MPRegen  0.14/turn              o - ring of positive energy

@: lethally poisoned (-1 -> -13), about to teleport
A: retaliatory headbutt, horns 2
a: Renounce Religion, Berserk, Trog's Hand, Brothers in Arms


You were on level 1 of the Spider Nest.
You worshipped Trog.
Trog was exalted by your worship.
You visited 5 branches of the dungeon, and saw 26 of its levels.
You also visited: Sewer and Bailey.

You collected 3379 gold pieces.
You spent 1036 gold pieces at shops.

Inventory:

Hand Weapons
 a - the +9 demon whip "Goblinslayer" (weapon) {flame, Int+4}
   (You acquired it on level 6 of the Lair of Beasts)

   It has been specially enchanted to burn those struck by it, causing extra
   injury to most foes and up to half again as much damage against particularly
   susceptible opponents.
   It affects your intelligence (+4).
 b - a +0 hand crossbow
 c - a +2 antimagic demon whip
 e - a +4 vorpal great mace
Missiles
 C - 93 bolts
Armour
 f - a +0 pair of boots (worn)
 I - a +0 plate armour of cold resistance
 O - a +2 cloak (worn)
 T - the +13 plate armour of the Garden (worn) {Rampage rCorr Dex+3}
   (You bought it in a shop on level 2 of the Orcish Mines)

   It affects your dexterity (+3).
   It provides partial protection from all sources of acid and corrosion.
   It bestows one free step when moving towards enemies.
 V - the +11 chain mail "Ixtetsay" {Stlth+}
   (You took it off an orc on level 3 of the Dungeon)

   It makes you more stealthy.
 X - a +2 kite shield (worn)
 Y - the +1 pair of gloves of the Peculiar Xalams (worn) {rF+ rC+ Dex-4 SInv}
   (You found it on level 13 of the Dungeon)

   It affects your dexterity (-4).
   It protects you from fire.
   It protects you from cold.
   It lets you see invisible.
Jewellery
 k - a ring of protection from cold (left hand)
 o - a ring of positive energy (right hand)
 M - an amulet of faith (around neck)
 P - an uncursed ring of resist corrosion
Wands
 i - a wand of acid (20)
 l - a wand of disintegration (20)
 r - a wand of iceblast (30)
 D - a wand of digging (24)
 N - a wand of paralysis (60)
Scrolls
 d - 6 scrolls of enchant weapon
 h - 16 scrolls of remove curse
 m - 12 scrolls of identify
 v - 2 scrolls of enchant armour
 x - 6 scrolls of magic mapping
 y - 9 scrolls of teleportation
 z - 3 scrolls of fear
 G - 4 scrolls of blinking
 L - 3 scrolls of fog
Potions
 g - 10 potions of curing
 n - 8 potions of haste
 p - 4 potions of might
 q - a potion of cancellation
 t - 6 potions of flight
 u - 6 potions of heal wounds
 w - 2 potions of ambrosia
 H - 3 potions of berserk rage
 Z - 2 potions of resistance


   Skills:
 * Level 15.7 Fighting
 - Level 15.0 Maces & Flails
 - Level 9.6 Crossbows
 - Level 1.5 Throwing
 + Level 17.4 Armour
 - Level 10.8 Dodging
 + Level 14.2 Shields


You had 15 spell levels left.
You didn't know any spells.
Your spell library was empty.

Dungeon Overview and Level Annotations

Branches:
Dungeon (15/15)            Temple (1/1) D:5            Lair (6/6) D:10
 Shoals (0/4) Lair:3       Spider (2/4) Lair:3        Slime (0/5) Lair:6
    Orc (2/2) D:11            Elf (0/3) Orc:2        Vaults (0/5) D:14
 Depths (0/5) D:15          Sewer (visited)          Bailey (visited)

Altars:
Cheibriados
Dithmenos
Elyvilon
Gozag
Kikubaaqudgha
Makhleb
Nemelex Xobeh
Okawaru
Qazlal
Ru
Sif Muna
Uskayaw
Vehumet
Wu Jian
The Shining One
Beogh

Shops:
D:12 !!   Orc:2 }[}!*

Portals:
Pandemonium: Orc:2

Annotations:
Lair:4 exclusion: oklob plant
Lair:5 exclusion: oklob plant


Innate Abilities, Weirdness & Mutations

You reflexively headbutt those who attack you in melee.
You have a pair of horns on your head.


Message History

* * * LOW HITPOINT WARNING * * *
The wolf spider bites you.
* * * LOW HITPOINT WARNING * * *
You are poisoned.
The wolf spider poisons you!
The redback bites you but does no damage.
The tarantella bites you!
* * * LOW HITPOINT WARNING * * *
The redback bites you but does no damage. x3
The redback completely misses you.
* * * LOW HITPOINT WARNING * * *
You feel sick.
The wolf spider hits you but does no damage.
The wolf spider bites you but does no damage.
The redback misses you. The tarantella barely misses you.
You block the wolf spider's attack. x2; You block the redback's attack.
The tarantella bites you but does no damage.
The redback bites you but does no damage.
The wolf spider hits you!
You die...

##............#..............
#........(....^#..#.....#####
##............#...........#
###......((#.#^.....^..#...###
#
#^....#.#.....#....#.........#
#
##........#...........^......#
#
##..#.........s.....#......##
#
##.........ssss...#......#.###
####.....#.s@s.#.......#...^.
#####................#......#
#.#..........................
#.............#..........##.#
##............###..#....###..
##....(.......####.....# ##.
##...........####....## #.
#.#.........#.##....## ##
##..#..#.....####..## ###


You could see a wolf spider (berserk), a tarantella (berserk) and 5 redbacks.

Vanquished Creatures
  Jorgrun (D:13)
  Frances (Spider:1)
  Azrael (Spider:1)
  The ghost of Life0 the Fighter, a journeyman MiBe of Trog (Lair:2)
  Josephine (Spider:1)
  2 ogre magi
  8 vault guards (D:14)
  4 boulder beetles
  7 hydras
  2 centaur warriors
  2 catoblepae
  7 two-headed ogres
  3 death knights
  A tengu warrior (D:12)
  Urug (D:12)
  4 orc high priests (Orc:2)
  A sixfirhy (Orc:2)
  2 unseen horrors
  A gelid demonspawn (Orc:2)
  An infernal demonspawn (Orc:2)
  A torturous demonspawn (Orc:2)
  6 orc knights
  Pikel (D:4)
  A deep elf archer (D:12)
  A wolf spider zombie (D:12)
  2 orb spiders (Spider:1)
  A spectral hydra (Lair:2)
  2 phantasmal warriors (D:15)
  10 orc sorcerers
  7 wolf spiders
  12 ugly things
  A manticore (D:15)
  A slime creature (D:15)
  3 cyclopes
  2 deep elf magi
  A salamander (D:15)
  A rust devil (Orc:2)
  A centaur zombie (D:12)
  Joseph (D:9)
  A moth of wrath (Spider:1)
  8 black mambas
  A gargoyle (D:13)
  3 centaur skeletons
  A guardian serpent (Lair:6)
  12 cane toads
  4 rime drakes
  2 freezing wraiths (D:14)
  A kobold demonologist (D:14)
  A hellwing (Orc:2)
  9 komodo dragons
  5 demonic crawlers (Spider:1)
  8 trolls
  3 tengu conjurers
  5 hornets
  A raiju (shapeshifter) (D:13)
  13 jumping spiders (Spider:1)
  3 polar bears
  2 harpy skeletons
  7 dream sheep (Lair:6)
  A snapping turtle (shapeshifter) (D:15)
  16 blink frogs
  A vampire (D:15)
  3 tarantellas (Spider:1)
  A shadow (D:13)
  A centaur simulacrum (D:15)
  7 wraiths
  13 redbacks
  A spriggan (shapeshifter) (D:14)
  13 wyverns
  2 fire elementals (Spider:1)
  22 yaks
  7 basilisks
  2 steam dragons
  2 vampire mosquitoes (D:11)
  Menkaure (D:5)
  7 wargs (Orc:1)
  The ghost of tilp the Sneak, an amateur OpTm (D:3)
  2 hydra simulacra (Lair:2)
  19 water moccasins
  2 acid dragons
  4 hell hounds
  45 orc warriors
  3 ice beasts
  5 sky beasts
  3 black bears
  4 phantoms
  4 swamp drakes
  10 ogres
  40 wolves
  13 centaurs
  2 big kobolds
  Blork the orc (D:6)
  A wyvern zombie (D:6)
  20 bullfrogs
  A gnoll sergeant (D:8)
  2 cane toad simulacra (Lair:2)
  5 scorpions
  A wyvern skeleton (D:7)
  6 killer bees (D:10)
  4 wights (D:12)
  An electric eel (Orc:1)
  2 howler monkeys
  2 quasits
  4 hounds
  28 orc wizards
  30 orc priests
  A gnoll shaman (D:7)
  8 jellies
  A bullfrog skeleton (D:12)
  Terence (D:2)
  3 iguanas
  9 worker ants
  5 hell rats (Lair:4)
  A hound skeleton (D:7)
  10 gnolls
  10 adders
  3 shadow imps
  4 white imps
  An adder zombie (D:5)
  2 oozes (Lair:6)
  An adder skeleton (D:9)
  3 worms
  A dart slug (D:3)
  5 leopard geckos
  113 orcs
  7 giant cockroaches
  8 goblins
  16 hobgoblins
  6 jackals
  6 quokkas
  2 ball pythons
  11 bats
  13 frilled lizards
  34 kobolds
  A leopard gecko zombie (D:8)
  A quokka skeleton (D:6)
  A quokka zombie (D:7)
  13 rats
862 creatures vanquished.

Vanquished Creatures (collateral kills)
  Rupert (D:13)
  A fire dragon (Lair:6)
  A hydra (Lair:2)
  A swamp dragon (Lair:6)
  A black mamba (Lair:6)
  2 cane toads (Lair:6)
  A komodo dragon (Lair:2)
  3 blink frogs (Lair:6)
  3 wyverns (Lair:6)
  A basilisk (Lair:6)
  3 water moccasins (Lair:6)
  A dream sheep simulacrum (Lair:2)
  4 jellies (Lair:6)
  An ooze (Lair:6)
24 creatures vanquished.

Vanquished Creatures (others)
  An ufetubus (D:9)
  A quokka (D:14)
  63 fungi
  77 plants
142 creatures vanquished.

Grand Total: 1028 creatures vanquished

Notes
Turn   | Place    | Note
-------+----------+-------------------------------------------
     0 | D:1      | wakim the Minotaur Berserker began the quest for the Orb.
     0 | D:1      | Reached XP level 1. HP: 19/19 MP: 0/0
   402 | D:1      | Reached XP level 2. HP: 27/27 MP: 1/1
   698 | D:1      | Reached skill level 3 in Armour
  1027 | D:2      | Noticed Terence
  1031 | D:2      | Killed Terence
  1032 | D:2      | Reached XP level 3. HP: 33/33 MP: 2/2
  1036 | D:2      | Reached ** piety under Trog
  1224 | D:2      | Reached XP level 4. HP: 39/40 MP: 3/3
  1544 | D:2      | Found a shimmering blue altar of Sif Muna.
  1842 | D:3      | Reached skill level 4 in Armour
  2112 | D:3      | Reached *** piety under Trog
  2265 | D:3      | Found a runed translucent gate.
  2268 | D:3      | Found a runed translucent gate.
  2269 | D:3      | Found a runed translucent gate.
  2271 | D:3      | Noticed tilp's ghost (amateur OpTm)
  2274 | D:3      | Identified the +11 chain mail "Ixtetsay" {Stlth+}
  2275 | D:3      | Found a roughly hewn altar of Beogh.
  2403 | D:3      | Reached XP level 5. HP: 43/47 MP: 4/4
  2521 | D:3      | Reached skill level 9 in Armour
  2521 | D:3      | Reached XP level 6. HP: 60/60 MP: 5/5
  2563 | D:4      | Noticed Pikel
  2574 | D:4      | Killed Pikel
  2575 | D:4      | Reached skill level 10 in Maces & Flails
  2575 | D:4      | Reached XP level 7. HP: 61/66 MP: 6/6
  3123 | D:4      | Found a glowing drain.
  3130 | Sewer    | Entered a sewer
  3136 | Sewer    | Reached **** piety under Trog
  3205 | Sewer    | Reached skill level 10 in Armour
  3241 | Sewer    | Found a white marble altar of Elyvilon.
  3417 | D:5      | Entered Level 5 of the Dungeon
  3448 | D:5      | Reached XP level 8. HP: 72/74 MP: 7/7
  3460 | D:5      | Noticed Menkaure
  3471 | D:5      | Killed Menkaure
  3749 | D:5      | Found a shimmering blue altar of Sif Muna.
  3811 | D:5      | Found a staircase to the Ecumenical Temple.
  4453 | Temple   | Entered the Ecumenical Temple
  4899 | D:6      | Got a slimy rapier
  5130 | D:6      | Identified the cursed +2 rapier "Omelette" {venom, Stlth+}
                  | (You found it on level 6 of the Dungeon)
  5264 | D:6      | Reached skill level 1 in Throwing
  5322 | D:6      | Noticed Blork the orc
  5331 | D:6      | Killed Blork the orc
  5332 | D:6      | Reached XP level 9. HP: 78/81 MP: 8/8
  6478 | D:7      | Reached skill level 1 in Crossbows
  6692 | D:7      | Found an ancient bone altar of Kikubaaqudgha.
  6746 | D:7      | Found a shadowy altar of Dithmenos.
  6746 | D:7      | Found a sacrificial altar of Ru.
  6749 | D:7      | Found a stormy altar of Qazlal.
  6879 | D:7      | Reached ***** piety under Trog
  7177 | D:7      | Found an iron altar of Okawaru.
  7253 | D:8      | Noticed a two-headed ogre
  7262 | D:8      | Killed a two-headed ogre
  7380 | D:8      | Reached XP level 10. HP: 85/90 MP: 9/9
  7419 | D:8      | Reached skill level 11 in Armour
  7655 | D:8      | Noticed a cyclops
  7667 | D:8      | Killed a cyclops
  7823 | D:8      | Found an ornate altar of the Wu Jian Council.
  8295 | D:9      | Noticed Joseph
  8323 | D:9      | Killed Joseph
  8592 | D:9      | Received a gift from Trog
  9047 | D:10     | Entered Level 10 of the Dungeon
  9089 | D:10     | Killed an unseen horror
  9303 | D:10     | Found an opulent altar of Gozag.
  9324 | D:10     | Found a staircase to the Lair.
  9553 | D:10     | Reached XP level 11. HP: 89/99 MP: 10/10
 10052 | D:11     | Noticed a cyan ugly thing
 10063 | D:11     | Killed a cyan ugly thing
 10079 | D:11     | Reached skill level 10 in Fighting
 10553 | D:11     | Found a staircase to the Orcish Mines.
 10574 | D:11     | Reached skill level 5 in Crossbows
 11099 | D:12     | Found Zusk's Distillery.
 11118 | D:12     | Received a gift from Trog
 11172 | D:12     | Got a dazzling scale mail
 11188 | D:12     | Noticed Urug
 11189 | D:12     | Found a flagged portal.
 11202 | D:12     | Killed Urug
 11203 | D:12     | Reached skill level 12 in Armour
 11273 | D:12     | Found a gate leading to a gauntlet.
 11288 | Bailey   | Entered a bailey
 11318 | Bailey   | Noticed an orc knight
 11329 | Bailey   | Killed an orc knight
 11924 | D:12     | Identified the +6 scale mail of Fallacy {+Fly Int+4} (You
                  | found it on level 12 of the Dungeon)
 11994 | D:12     | Noticed a two-headed ogre
 12008 | D:12     | Killed a two-headed ogre
 12427 | D:12     | Reached ****** piety under Trog
 12427 | D:12     | Received a gift from Trog
 12433 | D:12     | Noticed a deep elf archer
 12445 | D:12     | Noticed a death knight
 12465 | D:12     | Killed a death knight
 12469 | D:12     | Killed a deep elf archer
 12654 | D:12     | Noticed an ogre mage
 12664 | D:12     | Reached XP level 12. HP: 102/108 MP: 11/11
 12667 | D:12     | Killed an ogre mage
 12672 | D:12     | Noticed a catoblepas
 12684 | D:12     | Killed a catoblepas
 12685 | D:12     | Reached skill level 10 in Dodging
 12798 | D:12     | Noticed a tengu warrior
 12815 | D:12     | Killed a tengu warrior
 13345 | D:12     | Found Roukk's Distillery.
 13700 | Lair:1   | Entered Level 1 of the Lair of Beasts
 13833 | Lair:1   | Reached skill level 13 in Armour
 15453 | Lair:2   | Noticed a five-headed hydra
 15468 | Lair:2   | Killed a five-headed hydra
 15668 | Lair:2   | Found a runed translucent gate.
 15708 | Lair:2   | You fall into a shaft and drop 2 floors!
 15769 | Lair:3   | Found a hole to the Spider Nest.
 15978 | Lair:3   | Found a staircase to the Shoals.
 16346 | Lair:2   | Found a runed translucent gate.
 16347 | Lair:2   | Found a runed translucent gate.
 16349 | Lair:2   | Noticed Life0's ghost (journeyman MiBe)
 16982 | D:3      | Killed tilp's ghost
 17397 | Lair:3   | Reached skill level 1 in Shields
 17924 | Lair:4   | Reached XP level 13. HP: 100/118 MP: 12/12
 18176 | Lair:4   | You fall into a shaft and drop 2 floors!
 18176 | Lair:6   | Entered Level 6 of the Lair of Beasts
 18429 | Lair:6   | Paralysed by a hornet for 3 turns
 18474 | Lair:6   | Reached skill level 5 in Shields
 18564 | Lair:6   | Received a gift from Trog
 19189 | Lair:6   | Reached skill level 14 in Armour
 20357 | Lair:5   | Reached XP level 14. HP: 120/126 MP: 13/13
 20399 | Lair:4   | Received a gift from Trog
 22540 | Lair:6   | Found a staircase to the Slime Pits.
 22546 | Lair:6   | Reached skill level 10 in Shields
 22758 | Lair:6   | Reached skill level 15 in Maces & Flails
 23029 | Lair:6   | Identified a scroll of acquirement
 23029 | Lair:6   | Acquired the +9 demon whip "Goblinslayer" {flame, Int+4}
 23503 | Orc:1    | Entered Level 1 of the Orcish Mines
 23535 | Orc:2    | Entered Level 2 of the Orcish Mines
 23818 | Orc:2    | Reached skill level 15 in Armour
 24229 | Orc:2    | Found a staircase to the Elven Halls.
 24241 | Orc:2    | Found Tuupe's Gadget Boutique.
 24269 | Orc:2    | Received a gift from Trog
 24359 | Orc:2    | Found Eqamedd's Distillery.
 24365 | Orc:2    | Found Vuibbaw's General Store.
 25172 | Orc:2    | Received a gift from Trog
 25223 | Orc:2    | Found Moroec's Antique Armour Shop.
 25223 | Orc:2    | Found a one-way gate leading to the halls of Pandemonium.
 25223 | Orc:2    | Found Uxuon's Gadget Boutique.
 26254 | Orc:2    | Bought a smoking plate armour for 1036 gold pieces
 26264 | Orc:2    | Identified the +13 plate armour of the Garden {Rampage
                  | rCorr Dex+3} (You bought it in a shop on level 2 of the
                  | Orcish Mines)
 26532 | Lair:2   | Reached XP level 15. HP: 134/134 MP: 14/14
 26540 | Lair:2   | Killed Life0's ghost
 26541 | Lair:2   | Reached skill level 16 in Armour
 26798 | D:13     | Noticed Jorgrun
 26798 | D:13     | Noticed Rupert
 26806 | D:13     | Paralysed by Rupert for 2 turns
 26818 | D:13     | Killed Jorgrun
 26827 | D:13     | Killed Rupert
 27397 | D:13     | Got a pair of ancient gloves
 27412 | D:13     | Identified the +1 pair of gloves of the Peculiar Xalams
                  | {rF+ rC+ Dex-4 SInv} (You found it on level 13 of the
                  | Dungeon)
 27454 | D:13     | Received a gift from Trog
 27861 | D:14     | Found a gate to the Vaults.
 28191 | D:14     | Found a white marble altar of Elyvilon.
 28484 | D:15     | Entered Level 15 of the Dungeon
 29363 | D:15     | Reached skill level 17 in Armour
 29529 | D:15     | Found a staircase to the Depths.
 29892 | Spider:1 | Entered Level 1 of the Spider Nest
 29909 | Spider:1 | Reached skill level 15 in Fighting
 29915 | Spider:1 | Noticed Josephine
 29938 | Spider:1 | Killed Josephine
 29981 | Spider:1 | Reached XP level 16. HP: 149/149 MP: 15/15
 30116 | Spider:1 | Received a gift from Trog
 30466 | Spider:1 | Noticed Azrael
 30490 | Spider:1 | Killed Azrael
 30490 | Spider:1 | Noticed Frances
 30514 | Spider:1 | Killed Frances
 30786 | Spider:1 | Slain by a wolf spider

Illustrated notes

Levels and vault maps discovered:
D:1:      dpeg_arrival_oval, layout_loops_ring, minivault_4,
          chequers_serial_rivers_large_a
D:2:      layout_rooms, general_overflow_altar, kennysheep_small_spiral,
          uniq_terence
D:3:      layout_loops_cross, biasface_ghost_orc_armoury
D:4:      layout_cave_pools, gup_sewer_entry_bubbles, uniq_pikel
D:5:      layout_basic, minmay_temple_entry_butterflies, nrook_pool_corridor,
          corexii_corridor_pit, led_sif_book, uniq_menkaure
D:6:      layout_loops_cross, serial_aquarium, aquarium_bridge_square
          [aquarium_subvault_bridge, aquarium_subvault_wall,
          aquarium_subvault_bridge, aquarium_subvault_wall],
          aquarium_bridge_square [aquarium_subvault_bridge,
          aquarium_subvault_bridge, aquarium_subvault_bridge,
          aquarium_subvault_window], aquarium_window_1,
          aquarium_window_corridor_1, aquarium_window_corner, aquarium_view_2b,
          aquarium_balcony_3b, uniq_blork_the_orc
D:7:      layout_gridville, grunt_temple_overflow_open, okawaru_metal_pillars_3
D:8:      layout_rooms, lemuel_coloured_pillars_altar, kennysheep_small_circle
D:9:      layout_cross, uniq_joseph
D:10:     layout_rooms, lair_entry_dummy, grunt_gozag_statues
D:11:     layout_loops_cross, erik_orc_1
D:12:     hangedman_cross_veins, layout_long_grid, serial_shops, shop_fountains,
          kennysheep_little_box, enter_bailey_2, gauntlet_entry_generic,
          uniq_urug
D:13:     layout_layer_cave, skrybe_limestone_x, uniq_rupert, uniq_jorgrun
D:14:     layout_loops_cross, erik_vaults_2, elyvilon_altar_4
D:15:     hangedman_depths_entry_try_elsewhere_first, layout_irregular_city
Temple:   eino_wide_crystal_templ
Lair:1:   layout_cellular_growth
Lair:2:   layout_small_grid, gammafunk_ghost_necromancy, serial_bayou_shore_b,
          grunt_megastairs_5
Lair:3:   layout_cave_pods, elwin_shoals_entry_rocks,
          spider_nest_entry_web_field
Lair:4:   minmay_lair_oklob_tunnel, layout_gridlike
Lair:5:   layout_roguey, chequers_serial_rivers_marsh,
          grunt_forest_large_clearings, grunt_megastairs_1
Lair:6:   hangedman_lair_tendril_chambers, layout_long_grid,
          guppyfry_lair_end_dragon, minmay_slime_entry_jelly_boxes,
          portal_ice_cave_entry_pillars_2, enter_volcano_3,
          infiniplex_staircase_pool_2
Spider:1: layout_spider_delve, uniq_josephine, uniq_azrael, uniq_frances
Spider:2: layout_spider_delve, uniq_agnes
Orc:1:    layout_diamond_mine, nooodl_orcs_dogs
Orc:2:    pf_orc_diabolical, layout_caves, serial_shops,
          nicolae_shop_window_shopping

Skill      XL: |  1  2  3  4  5  6  7  8  9 10 11 12 13 14 15 16 |
---------------+-------------------------------------------------+-----
Maces & Flails | 4 9 10 11 12 13 14 15 | 15.0
Armour         | 3 4 9 10 11 12 13 14 15 17 | 17.4
Fighting       | 4 7 8 9 10 12 15 | 15.7
Dodging        | 3 6 7 8 9 10 | 10.8
Throwing       | 1 |  1.5
Crossbows      | 2 4 6 8 9 |  9.6
Shields        | 1 8 12 13 14 | 14.2

Action                   |  1- 3 |  4- 6 |  7- 9 | 10-12 | 13-15 | 16-18 || total
-------------------------+-------+-------+-------+-------+-------+-------++-------
Melee: Mace              |    73 |    95 |    11 |   322 |   586 |       ||  1087
       Headbutt          |     6 |    12 |    54 |   142 |   315 |    32 ||   561
       Whip              |       |       |   202 |       |       |       ||   202
       War axe           |       |       |     7 |       |       |       ||     7
       Flail             |       |       |   125 |   145 |       |       ||   270
       Great mace        |       |       |       |   220 |       |       ||   220
       Demon whip        |       |       |       |       |   827 |   131 ||   958
 Fire: Hand crossbow     |       |       |       |    46 |     3 |       ||    49
Throw: Boomerang         |       |       |    13 |       |       |       ||    13
Invok: Berserk           |       |       |     1 |     7 |     1 |       ||     9
       Trog's Hand       |       |       |       |     2 |     5 |       ||     7
       Brothers in Arms  |       |       |       |     1 |     5 |       ||     6
  Use: Scroll            |     3 |     6 |     2 |    13 |     4 |     3 ||    31
       Potion            |       |     5 |       |     9 |       |     1 ||    15
Armor: Animal skin       |    11 |       |       |       |       |       ||    11
       Robe              |     1 |       |       |       |       |       ||     1
       Plate armour      |    25 |    74 |   144 |   313 |    85 |   104 ||   745
       Scale mail        |       |       |       |   102 |       |       ||   102
       Chain mail        |       |       |       |     7 |   410 |       ||   417
Dodge: Dodged            |    59 |    23 |   112 |   552 |   464 |    70 ||  1280
Block: Other             |       |       |    15 |    10 |       |       ||    25
       Reflection        |       |       |       |     1 |       |       ||     1
       Buckler           |       |       |       |     1 |    59 |       ||    60
       Kite shield       |       |       |       |       |   513 |   122 ||   635

Table legend: (Time is in decaauts)
 A = Elapsed time spent in this place.
 B = Non-inter-level travel time spent in this place.
 C = Inter-level travel time spent in this place.
 D = Time resting spent in this place.
 E = Time spent auto-exploring this place.
 F = Levels seen in this place.
 G = Mean time per level.
                   A        B        C        D        E       F      G
               +--------+--------+--------+--------+--------+-----+--------+
         Total |  30257 |  27863 |   2394 |   3039 |  18783 |  28 | 1080.6 |
       Dungeon |  16514 |  15187 |   1327 |   1474 |  10318 |  15 | 1100.9 |
        Temple |     22 |     14 |      8 |      0 |     13 |   1 |   22.0 |
          Lair |   9650 |   8780 |    870 |   1267 |   6025 |   6 | 1608.3 |
   Spider Nest |    619 |    600 |     19 |      0 |    375 |   2 |  309.5 |
  Orcish Mines |   2659 |   2489 |    170 |      0 |   1882 |   2 | 1329.5 |
         Sewer |    169 |    169 |      0 |      0 |    108 |   1 |  169.0 |
        Bailey |    620 |    620 |      0 |    298 |     61 |   1 |  620.0 |
               +--------+--------+--------+--------+--------+-----+--------+

Top non-repeatable levels by time:
  Lair:6: 2838 daAuts
    D:12: 2095 daAuts
  Lair:1: 2064 daAuts
   Orc:2: 1633 daAuts
     D:5: 1417 daAuts
  Lair:5: 1298 daAuts
    D:11: 1210 daAuts
  Lair:3: 1206 daAuts
     D:3: 1177 daAuts
     D:6: 1161 daAuts
    D:15: 1148 daAuts
    D:10: 1128 daAuts
  Lair:4: 1125 daAuts
  Lair:2: 1117 daAuts
     D:7: 1083 daAuts
